Match 40821981
Unlisted

Match 40821981
End
Panzergrenadier Squad
Selects Panzerjäger Kommand Battlegroup
Selects Mine Fields
Panzergrenadier Squad
Construct Light Support Kompanie
Panzergrenadier Squad
Fire Support Elements
2.5-tonne Medical Truck
Veteran Squad Leaders
Panzerjäger Mechanized Group
Selects Tank Busters
Selects Early Warning
Prof. Dr. Redbullet (GER)
iGermanSoldier
MZMZ
FloppyBob
STALKER4732
SoyaLors
ezh
Josephsson
0
0

Comments sign in to comment!

No comments posted yet!